 Dungeon Crawl Stone Soup version 0.27.0-66-gdc8fb28755 (webtiles) character file.

Game seed: 11699279135347745325

107 funkygono the Firebug (level 4, -6/24 HPs)
             Began as a Gargoyle Fire Elementalist on Aug 20, 2021.
             Mangled by a wight (12 damage)
             ... on level 2 of the Dungeon.
             The game lasted 00:05:25 (2985 turns).

funkygono the Firebug (Gargoyle Fire Elementalist)  Turns: 2985, Time: 00:05:26

Health: -6/24      AC:  9    Str: 11    XL:     4   Next: 85%
Magic:  7/8        EV: 12    Int: 17    God:
Gold:   65         SH:  0    Dex: 10    Spells: 0/8 levels left

rFire    . . .     SeeInvis .   l - +0 mace
rCold    . . .     Faith    .   (no shield)
rNeg     + . .     Spirit   .   a - +0 robe
rPois    ∞         Reflect  .   (no helmet)
rElec    +         Harm     .   (no cloak)
rCorr    +         Rampage  .   (no gloves)
Will     .....                  (no boots)
Stlth    ++........             (no amulet)
HPRegen  0.08/turn              e - +4 ring of protection
MPRegen  0.11/turn              k - ring of resist corrosion

@: no status effects
A: sickness immunity, AC +3, negative energy resistance 1, electricity
resistance, torment resistance 1, petrification resistance
a: no special abilities


You were on level 2 of the Dungeon.
You visited 1 branch of the dungeon, and saw 3 of its levels.

You collected 65 gold pieces.

Inventory:

Hand Weapons
 l - a +0 mace (weapon)
Missiles
 j - 91 stones
Armour
 a - a +0 robe (worn)
Jewellery
 e - a +4 ring of protection (left hand)
 k - a ring of resist corrosion (right hand)
Wands
 g - a wand of iceblast (8)
Scrolls
 d - a scroll of identify {unknown}
 f - 2 scrolls of acquirement {unknown}
 i - a scroll of noise {unknown}
 m - a scroll of holy word {unknown}
Potions
 b - a potion of curing {unknown}
 c - 2 potions of degeneration {unknown}
 h - 2 potions of might {unknown}


   Skills:
 + Level 0.5 Fighting
 + Level 0.5 Maces & Flails
 + Level 2.1 Dodging
 - Level 2.1 Stealth
 + Level 2.9 Spellcasting
 + Level 2.2 Conjurations
 + Level 3.8 Fire Magic


You couldn't memorise any spells.
You knew the following spells:

 Your Spells              Type           Power      Damage    Failure   Level
a - Foxfire               Conj/Fire      48%        2x1d6     4%          1
b - Conjure Flame         Conj/Fire      12%        6-21      16%         3
c - Sticky Flame          Conj/Fire      12%        2d4       45%         4

Your spell library contained the following spells:

 Spells                   Type           Power      Damage    Failure   Level
 Inner Flame              Hex/Fire       8%         N/A       24%         3
 Fireball                 Conj/Fire      6%         3d5       80%         5


Dungeon Overview and Level Annotations

Branches:
Dungeon (3/15)

Altars:


Innate Abilities, Weirdness & Mutations

You are immune to sickness and miasma.
Your stone body is resilient. (AC +3)
You are immune to poison.
You resist negative energy. (rN+)
You are resistant to electric shocks. (rElec)
You are resistant to unholy torment.
You are immune to petrification.


Message History

* * * LOW HITPOINT WARNING * * *
Casting: Foxfire (safe; 4% risk of failure)
Confirm with . or Enter, or press ? or * to list all spells.
You conjure some foxfire!
The wight hits you but does no damage.
Your foxfire dissipates!
The foxfire hits the wight but does no damage.
The wight is moderately damaged.
There is a stone staircase leading up here.
The wight barely misses you.
You climb upwards.
There is a stone staircase leading down here.
You see here 27 arrows.
The wight hits you with a +4 flail.
* * * LOW HITPOINT WARNING * * *
Casting: Foxfire (safe; 4% risk of failure)
Confirm with . or Enter, or press ? or * to list all spells.
You don't know that spell.
Casting: Foxfire (safe; 4% risk of failure)
Confirm with . or Enter, or press ? or * to list all spells.
The spell is quite dangerous to cast (16% risk of failure)!
Continue anyway?
The fire begins to smoulder!
The wight closely misses you.
The wight smothers the flame.
There is a stone staircase leading up here.
The wight hits you with a +4 flail. The wight hits you with a +4 flail!
* * * LOW HITPOINT WARNING * * *
There is an open door here.
There is a stone staircase leading up here.
The wight closely misses you.
Casting: Conjure Flame (quite dangerous; 16% risk of failure)
Confirm with . or Enter, or press ? or * to list all spells.
You conjure some foxfire!
The foxfire hits the wight but does no damage.
The wight is lightly damaged.
The foxfire hits the wight.
The wight is moderately damaged.
The wight hits you but does no damage. The wight hits you with a +4 flail!
Ouch! That really hurt!
You die...

####............#.#.#
#.####.## ##########.....#.#
#.#.....# #.......#.....#.#
#.#.##### ##
#...⌠...#.....#.# #.#.#
.####..#.#..#...###.# #.#.#
.'..'†).#.⌠.'...# #.# #.#.#
.####..#.#..#...# #.# #.#.#
.####...⌠...#..z###.#####.#.#
....#.......#...@.#.......#.#
#################.#########.#
............................#
...##############.###########
...# #.# ...# #.# ...# #.#
...# #########.# ...#
#.........#


You could see a wight.

Vanquished Creatures
  A wight (D:3)
  An adder (D:2)
  A worm (D:2)
  A dart slug (D:2)
  5 endoplasms
  2 giant cockroaches
  5 goblins
  4 hobgoblins (D:1)
  13 jackals
  A quokka (D:2)
  3 ball pythons
  2 bats
  2 frilled lizards (D:1)
  4 rats
45 creatures vanquished.

Vanquished Creatures (others)
  142 foxfires
142 creatures vanquished.

Grand Total: 187 creatures vanquished

Notes
Turn   | Place    | Note
-------+----------+-------------------------------------------
     0 | D:1      | funkygono the Gargoyle Fire Elementalist began the quest
                  | for the Orb.
     0 | D:1      | Reached XP level 1. HP: 10/10 MP: 3/3
    34 | D:1      | Found a faded altar of an unknown god.
   283 | D:1      | Reached XP level 2. HP: 15/15 MP: 1/5
  1455 | D:2      | Reached XP level 3. HP: 19/19 MP: 3/6
  1459 | D:2      | Learned a level 3 spell: Conjure Flame
  2120 | D:2      | Reached XP level 4. HP: 8/24 MP: 1/8
  2700 | D:2      | Learned a level 4 spell: Sticky Flame
  2923 | D:2      | HP: 1/24 [wight (7)]
  2985 | D:2      | Mangled by a wight

Illustrated notes

Levels and vault maps discovered:
D:1:      minmay_arrival_stone_box, layout_basic,
          hellmonk_ecumenical_altar_pennies_from_heaven
D:2:      minmay_skewed_foursquare, layout_basic, kennysheep_generic_room_10
D:3:      layout_basic, nicolae_uskayaw_murder_on_the_dancefloor,
          grunt_temple_overflow_cloverleaf, uniq_sigmund, uniq_ijyb

Skill      XL: |  1  2  3  4 |
---------------+-------------+-----
Dodging        | 2 |  2.1
Conjurations   | 2 |  2.2
Fighting       | |  0.5
Maces & Flails | |  0.5
Stealth        | |  2.1
Spellcasting   | |  2.9
Fire Magic     | |  3.8

Action                   |  1- 3 |  4- 6 || total
-------------------------+-------+-------++-------
Melee: Unarmed           |     2 |       ||     2
       Club              |    15 |       ||    15
       Mace              |     8 |    16 ||    24
 Cast: Foxfire           |    69 |    16 ||    85
       Conjure Flame     |       |     2 ||     2
  Use: Scroll            |     1 |       ||     1
Armor: Robe              |    33 |    12 ||    45
Dodge: Dodged            |    64 |    18 ||    82
